 Dungeon Crawl Stone Soup version 0.28-a0-479-g5baa6b73be (webtiles) character file.

Game seed: 10932571749850321366

0 Winterblue the Magician (level 1, -3/10 HPs)
             Began as a Kobold Wanderer on Sept 18, 2021.
             Slain by a kobold (4 damage)
             ... on level 1 of the Dungeon.
             The game lasted 00:00:29 (78 turns).

Winterblue the Magician (Kobold Wanderer)             Turns: 78, Time: 00:00:29

Health: -3/10      AC:  2    Str: 12    XL:     1   Next: 11%
Magic:  5/5        EV: 13    Int: 14    God:
Gold:   0          SH:  0    Dex: 10    Spells: 8/8 levels left

rFire   . . .      SeeInvis .   a - +0 club
rCold   . . .      Faith    .   (shield restricted)
rNeg    . . .      Spirit   .   b - +0 robe
rPois   .          Reflect  .   (no helmet)
rElec   .          Harm     .   (no cloak)
rCorr   .          Rampage  .   (no gloves)
Will    .....                   (no boots)
Stlth   ++........              (no amulet)
HPRegen 0.03/turn               (no ring)
MPRegen 0.09/turn               (no ring)

@: no status effects
A: small, no large weapons, nightstalker 3
a: no special abilities


You were on level 1 of the Dungeon.
You visited 1 branch of the dungeon, and saw 1 of its levels.

Inventory:

Hand Weapons
 a - a +0 club (weapon)
Armour
 b - a +0 robe (worn)


   Skills:
 + Level 1.3 Stealth
 + Level 4.4 Spellcasting
 + Level 2.0 Summonings
 + Level 1.0 Ice Magic
 + Level 1.0 Earth Magic
 + Level 1.2 Evocations


You had 8 spell levels left.
You didn't know any spells.
Your spell library contained the following spells:

 Spells                   Type           Power      Damage    Failure   Level
 Freeze                   Ice            20%        1d4       12%         1
 Sandblast                Erth           10%        2d5       12%         1
 Foxfire                  Conj/Fire      12%        2x1d4     19%         1
 Frozen Ramparts          Ice            10%        1d3       36%         3
 Ozocubu's Armour         Ice            5%         N/A       36%         3
 Stone Arrow              Conj/Erth      8%         3d7       41%         3
 Inner Flame              Hex/Fire       3%         N/A       50%         3
 Hailstorm                Conj/Ice       4%         3d4       83%         4


Dungeon Overview and Level Annotations

Branches:
Dungeon (1/15)

Altars:


Innate Abilities, Weirdness & Mutations

You are small and have problems with some larger weapons.
You are completely attuned to the shadows.


Message History

You add the spells Freeze, Frozen Ramparts, Ozocubu's Armour and Hailstorm to your library.
You add the spells Inner Flame and Foxfire to your library.
You add the spells Stone Arrow and Sandblast to your library.
Welcome, Winterblue the Kobold Wanderer.
Will you be the one to retrieve the transcendent Orb of Zot from the depths?
Press ? for a list of commands and other information.
Found a staircase leading out of the dungeon.
You begin with the following items: a +0 club, a +0 robe; and the following spells available to memorise: Freeze, Sandblast, Foxfire, Frozen Ramparts, Ozocubu's Armour, Stone Arrow, Inner Flame, Hailstorm.
Unknown command.
Unknown command.
Okay, then.
Why would you want to do that? Why would you want to do that?
Why would you want to do that? Why would you want to do that?
Found 10 stones.
You see here 10 stones.
A frilled lizard and a kobold come into view.
The frilled lizard hisses angrily.
The frilled lizard bites you.
The kobold shouts!
The kobold closely misses you.
A goblin comes into view. It is wielding a +0 club.
The goblin shouts!
You barely miss the frilled lizard. The frilled lizard misses you.
The kobold hits you but does no damage.
You barely miss the frilled lizard. The frilled lizard bites you.
The kobold closely misses you.
You hit the frilled lizard.
You kill the frilled lizard!
The kobold barely misses you.
A rat comes into view.
The goblin barely misses you. The kobold hits you with a +0 dagger.
* * * LOW HITPOINT WARNING * * *
The goblin barely misses you. The kobold hits you with a +0 dagger.
* * * LOW HITPOINT WARNING * * *
The kobold hits you with a +0 dagger.
You die...

##....+....#
......#....#
#....#....#
#....#....##########
#.g@................
#.K........#########
..............
..###.#......... ..
#.#.####....


You could see a goblin and a kobold.

Vanquished Creatures
  A frilled lizard (D:1)
1 creature vanquished.

Notes
Turn   | Place    | Note
-------+----------+-------------------------------------------
     0 | D:1      | Winterblue the Kobold Wanderer began the quest for the Orb.
     0 | D:1      | Winterblue set off with the following items: a +0 club, a
                  | +0 robe; and the following spells available to memorise:
                  | Freeze, Sandblast, Foxfire, Frozen Ramparts, Ozocubu's
                  | Armour, Stone Arrow, Inner Flame, Hailstorm
     0 | D:1      | Reached XP level 1. HP: 10/10 MP: 5/5
    78 | D:1      | Slain by a kobold

Illustrated notes

Levels and vault maps discovered:
D:1:      dpeg_arrival_lava_altar, layout_basic, basic_ecumenical_altar

Action                   || total
-------------------------++-------
Melee: Club              ||     3
Armor: Robe              ||     1
Dodge: Dodged            ||     6

Table legend: (Time is in decaauts)
 A = Elapsed time spent in this place.
 B = Non-inter-level travel time spent in this place.
 C = Inter-level travel time spent in this place.
 D = Time resting spent in this place.
 E = Time spent auto-exploring this place.
 F = Levels seen in this place.
 G = Mean time per level.
                   A        B        C        D        E       F      G
               +--------+--------+--------+--------+--------+-----+--------+
         Total |     78 |     78 |      0 |      0 |      0 |   1 |   78.0 |
       Dungeon |     78 |     78 |      0 |      0 |      0 |   1 |   78.0 |
               +--------+--------+--------+--------+--------+-----+--------+

Top non-repeatable levels by time:
     D:1: 78 daAuts
